 Dungeon Crawl Stone Soup version 0.31-a0-219-g8d62b2e7bb (webtiles) character file.

Game seed: 16930158773415694751

4369 qw the Cleaver (level 10, 0/64 HPs)
             Began as a Gargoyle Fighter on July 3, 2023.
             Was a Follower of Okawaru.
             Slain by Erica
             ... wielding a +4 scimitar of flaming
              (5 damage)
             ... on level 9 of the Dungeon.
             The game lasted 00:03:58 (6408 turns).

qw the Cleaver (Gargoyle Fighter)                   Turns: 6408, Time: 00:03:59

Health: 0/64       AC: 32    Str: 30    XL:     10   Next: 34%
Magic:  11/12      EV:  9    Int:  9    God:    Okawaru [*.....]
Gold:   514        SH:  5    Dex:  9    Spells: 9/9 levels left

rFire   . . .        n - +0 war axe (vamp)
rCold   . . .        c - +0 buckler
rNeg    + . .        i - +0 plate armour
rPois   inf          m - +1 helmet
rElec   +            (no cloak)
rCorr   .            l - +0 pair of gloves
SInv    .            b - +0 pair of boots
Will    .....        (no amulet) Stlth
                     t - +6 ring of strength
HPRegen 0.30/turn    p - +4 ring of protection
MPRegen 0.13/turn

%: no passive effects
@: heroic, slowed, very slow
A: sickness immunity, AC +7, negative energy resistance 1, electricity
resistance, torment resistance 1, petrification resistance
a: Renounce Religion, Heroism


You were on level 9 of the Dungeon.
You worshipped Okawaru.
Okawaru was aware of your devotion.
You visited 2 branches of the dungeon, and saw 10 of its levels.
You also visited: Ossuary.

You collected 553 gold pieces.
You spent 39 gold pieces at shops.


Innate Abilities, Weirdness & Mutations

You are immune to sickness and miasma.
Your stone body is resilient. (AC +7)
You are immune to poison.
You resist negative energy. (rN+)
You are resistant to electric shocks. (rElec)
You are resistant to unholy torment.
You are immune to petrification.


   Skills:
 + Level 7.9(12.9) Fighting
 - Level 10.0(15.0) Axes
 - Level 2.1(7.1) Throwing
 - Level 7.0(12.0) Armour
 - Level 1.1(6.1) Dodging
 - Level 4.0(9.0) Shields
 + Level 3.8 Invocations


You had 9 spell levels left.
You didn't know any spells.
Your spell library was empty.

Inventory:

Hand Weapons
 n - a +0 vampiric war axe (weapon)
 u - a +0 war axe
 v - a +0 morningstar
Missiles
 k - 7 boomerangs (quivered)
Armour
 b - a +0 pair of boots (worn)
 c - a +0 buckler (worn)
 i - a +0 plate armour (worn)
 l - a +0 pair of gloves (worn)
 m - a +1 helmet (worn)
Jewellery
 p - a +4 ring of protection (right hand)
 t - a +6 ring of strength (left hand)
Scrolls
 h - 2 scrolls of identify
 j - 8 scrolls of teleportation
Potions
 a - 2 potions of lignification
 d - 5 potions of might
 e - a potion of mutation
 f - a potion of attraction
 g - a potion of enlightenment
 o - a potion of magic
 q - a potion of cancellation
 r - a potion of degeneration {unknown}

Dungeon Overview and Level Annotations

Branches:
Dungeon (9/15)             Temple (1/1) D:6         Ossuary (visited)
   Lair: D:8-11         Orc: D:9-12

Altars:
Ashenzari
Cheibriados
Dithmenos
Elyvilon
Fedhas
Gozag
Hepliaklqana
Kikubaaqudgha
Makhleb
Nemelex Xobeh
Okawaru
Qazlal
Ru
Sif Muna
Trog
Uskayaw
Vehumet
Wu Jian
Xom
Yredelemnul
Zin
The Shining One

Shops:
D:2 ::(*

Annotations:
D:8 2 transporters, qw's ghost, novice GrHs
D:9 Erica


Message History

Erica flickers and vanishes!
Deactivating autopickup; reactivate with Ctrl-A.
You feel less confused. The yak barely misses you.
You block the wraith's attack. Something hits you but does no damage.
The wraith hits you.
You hear some strange, mumbled words.
A bolt of poison appears from out of thin air!
The bolt of poison hits you but does no damage.
You resist. The yak gores you but does no damage.
6403 ||| INVOKING Heroism.
You gain the combat prowess of a mighty hero.
The yak gores you! The wraith hits you but does no damage.
Something hits you but does no damage.
You slash the yak!
You feel better.
The yak is almost dead.
You barely miss something. You hit the wraith but do no damage.
You block the yak's attack. The wraith hits you but does no damage.
You hear some strange, mumbled words.
A bolt of poison appears from out of thin air!
The bolt of poison hits you but does no damage.
You resist.
You slice the yak!!
You feel better.
You kill the yak!
Okawaru accepts your kill.
You hit the wraith but do no damage. You barely miss something.
The wraith barely misses you. Something hits you but does no damage.
The wraith hits you. The wraith drains your vigour!
You feel as though you will be slow longer.
Something hits you but does no damage.
You closely miss the wraith. You hit something.
You feel better. The wraith hits you. The wraith drains your vigour!
You feel as though you will be slow longer.
Something hits you but does no damage.
You barely miss the wraith. You miss something. You block the wraith's attack.
Something hits you! Something burns you.
You slash the wraith!
The wraith is moderately damaged.
You closely miss something. You block the wraith's attack. Something hits you!
Something burns you.
You die...

###.# #((.#
##.######
#.......#
#.[.%...#
#.......#
#.......#
#.....W.######
#....{@...(..<
#.......######
#.......#
#.......#
####.####
#...###
###...#
#######.###
#.........#


You could see a wraith.

Vanquished Creatures
  Psyche (D:8)
  A wyvern (D:7)
  3 yaks (D:9)
  Eustachio (D:5)
  2 steam dragons
  Edmund (D:5)
  5 water moccasins
  3 sky beasts
  2 black bears
  2 ogres
  A centaur (D:8)
  2 phantoms
  A kobold brigand (D:7)
  3 scorpions
  2 bullfrogs
  5 wights (D:8)
  3 killer bees (D:8)
  3 howler monkeys
  3 jellies
  An orc priest (D:9)
  3 hounds
  A sleepcap (D:7)
  3 iguanas
  8 orc wizards
  4 mummies (Ossuary)
  4 gnolls (D:7)
  5 adders
  A white imp (D:6)
  An adder zombie (Ossuary)
  4 worms
  4 dart slugs
  16 orcs
  5 ball pythons
  7 bats
  7 endoplasms
  4 giant cockroaches
  12 hobgoblins
  4 jackals
  2 quokkas
  5 frilled lizards
  3 goblins
  A goblin zombie (Ossuary)
  2 jackal zombies (Ossuary)
  18 kobolds
  2 kobold zombies (Ossuary)
  5 orc zombies (Ossuary)
  2 rats (D:2)
  A rat zombie (Ossuary)
  A spectral orc (D:7)
180 creatures vanquished.

Vanquished Creatures (others)
  A killer bee (D:8)
  An orc wizard (D:6)
  A butterfly (D:5)
3 creatures vanquished.

Grand Total: 183 creatures vanquished

Notes
Turn   | Place    | Note
-------+----------+-------------------------------------------
     0 | D:1      | qw the Gargoyle Fighter began the quest for the Orb.
     0 | D:1      | Reached XP level 1. HP: 14/14 MP: 1/1
     0 | D:1      | 0 ||| qw: Version: 0.3-a-40-ge99b1a8
     0 | D:1      | 0 ||| qw: Game counter: 346
     0 | D:1      | 0 ||| qw: Melee chars always use a shield: true
     0 | D:1      | 0 ||| qw: God list: Okawaru
     0 | D:1      | 0 ||| qw: Allow faded altars: false
     0 | D:1      | 0 ||| qw: Do Orc after clearing Dungeon:15 true
     0 | D:1      | 0 ||| qw: Do second Lair branch before Depths: true
     0 | D:1      | 0 ||| qw: Lair rune preference: random
     0 | D:1      | 0 ||| qw: Goals: Normal, Zot:1-4, Slime:5, God:TSO, Crypt,
                  | Tomb, Abyss, Pan, Hells, Win
     0 | D:1      | 0 ||| PLANNING D:1-11
    62 | D:1      | Reached skill level 2 in Axes
    68 | D:1      | 68 ||| Stepping ~*~*~tactically~*~*~ (stealth).
    87 | D:1      | Reached XP level 2. HP: 12/19 MP: 2/2
    98 | D:1      | 98 ||| FLEEEEING.
   100 | D:1      | 100 ||| FLEEEEING.
   101 | D:1      | 101 ||| FLEEEEING.
   142 | D:1      | Found a faded altar of an unknown god.
   258 | D:1      | 258 ||| Stepping ~*~*~tactically~*~*~ (hiding).
   393 | D:1      | Reached skill level 3 in Axes
   415 | D:1      | Reached XP level 3. HP: 23/23 MP: 3/3
   627 | D:1      | 627 ||| DROPPING +0 whip.
   768 | D:1      | 768 ||| READING scroll labelled QUVABI QU ATAM.
   769 | D:1      | 769 ||| READING scroll labelled VIRISU KARUAKH.
   770 | D:1      | 770 ||| READING scroll labelled WURAUHO CINAXE.
   771 | D:1      | 771 ||| READING 2 scrolls labelled ICHINAOG WAONE.
   772 | D:1      | 772 ||| READING 2 scrolls labelled ZUTSET PAX TUI.
   825 | D:2      | Found Girrytono's Antique Weapon Emporium.
   931 | D:2      | Found Iluneat's Book Boutique.
   951 | D:2      | Found Keud's Book Boutique.
  1202 | D:2      | Found Yrypreill's General Store.
  1207 | D:2      | 1207 ||| BUYING potion of attraction (39 gold).
  1207 | D:2      | Bought a potion of attraction for 39 gold pieces
  1207 | D:2      | 1207 ||| SHOPLISTING potion of might (52 gold, have 46).
  1207 | D:2      | 1207 ||| SHOPLISTING scroll of brand weapon (123 gold, have
                  | 46).
  1290 | D:2      | 1290 ||| UPGRADING to +4 ring of protection.
  1291 | D:2      | 1291 ||| READING scroll labelled EFOL UXTYAWULU.
  1292 | D:2      | 1292 ||| READING scroll labelled TYUDGH JYCOSOXT.
  1293 | D:2      | 1293 ||| READING 2 scrolls of identify.
  1293 | D:2      | 1293 ||| IDENTIFYING purple potion
  1294 | D:2      | 1294 ||| DROPPING potion of brilliance.
  1429 | D:3      | 1429 ||| Stepping ~*~*~tactically~*~*~ (stealth).
  1430 | D:3      | 1430 ||| Stepping ~*~*~tactically~*~*~ (stealth).
  1449 | D:3      | Noticed a scorpion
  1458 | D:3      | Killed a scorpion
  1459 | D:3      | Reached skill level 4 in Axes
  1459 | D:3      | Reached XP level 4. HP: 24/28 MP: 4/4
  1534 | D:3      | Reached XP level 5. HP: 32/32 MP: 5/5
  1539 | D:3      | 1539 ||| Stepping ~*~*~tactically~*~*~ (stealth).
  1554 | D:3      | 1554 ||| FLEEEEING.
  1567 | D:3      | 1567 ||| FLEEEEING.
  1582 | D:3      | 1582 ||| FLEEEEING.
  1691 | D:3      | 1691 ||| Stepping ~*~*~tactically~*~*~ (hiding).
  1898 | D:3      | 1898 ||| Stepping ~*~*~tactically~*~*~ (stealth).
  1901 | D:3      | 1901 ||| Stepping ~*~*~tactically~*~*~ (stealth).
  2094 | D:3      | 2094 ||| UPGRADING to +0 helmet.
  2099 | D:3      | 2099 ||| READING scroll labelled YPPEOWNA OXTUDO.
  2100 | D:3      | 2100 ||| READING 2 scrolls of identify.
  2100 | D:3      | 2100 ||| IDENTIFYING lumpy inky potion
  2150 | D:4      | Reached skill level 5 in Axes
  2307 | D:4      | 2307 ||| Stepping ~*~*~tactically~*~*~ (stealth).
  2334 | D:4      | 2334 ||| Stepping ~*~*~tactically~*~*~ (stealth).
  2340 | D:4      | Reached skill level 1 in Dodging
  2340 | D:4      | Reached XP level 6. HP: 38/38 MP: 6/6
  2383 | D:4      | Found a sparkling altar of Nemelex Xobeh.
  2383 | D:4      | Found a hide-covered altar of Uskayaw.
  2383 | D:4      | Found a hazy altar of Hepliaklqana.
  2383 | D:4      | Found a radiant altar of Vehumet.
  2384 | D:4      | Found a stormy altar of Qazlal.
  2384 | D:4      | Found an opulent altar of Gozag.
  2385 | D:4      | Found a blossoming altar of Fedhas.
  2385 | D:4      | Found a shadowy altar of Dithmenos.
  2385 | D:4      | Found a sacrificial altar of Ru.
  2408 | D:4      | 2408 ||| Stepping ~*~*~tactically~*~*~ (stealth).
  2593 | D:4      | You fall into a shaft and drop 3 floors!
  2612 | D:7      | 2612 ||| READING scroll of enchant armour.
  2612 | D:7      | 2612 ||| ENCHANTING +0 helmet.
  2637 | D:7      | Noticed a water moccasin
  2647 | D:7      | Killed a water moccasin
  2656 | D:7      | Reached skill level 6 in Axes
  2656 | D:7      | Reached XP level 7. HP: 17/43 MP: 7/7
  2752 | D:7      | 2752 ||| UPGRADING to +0 plate armour.
  2762 | D:7      | 2762 ||| DROPPING +0 scale mail.
  2763 | D:7      | 2763 ||| UPGRADING to +6 ring of dexterity.
  2764 | D:7      | 2764 ||| READING scroll labelled QUKIPL WUMMO.
  2765 | D:7      | 2765 ||| READING scroll labelled WELATSOXALO.
  2766 | D:7      | 2766 ||| DRINKING 2 silvery potions.
  2774 | D:6      | 2774 ||| PLANNING OSSUARY
  2799 | D:6      | Identified the +1 leather armour of Dishonour {rN++ Str+2
                  | Dex-4}
  2825 | D:6      | Reached skill level 1 in Throwing
  2862 | D:6      | Found a sand-covered staircase.
  2870 | Ossuary  | Entered an ossuary
  2918 | Ossuary  | 2918 ||| READING 2 scrolls of brand weapon.
  2918 | Ossuary  | 2918 ||| BRANDING +0 war axe of venom.
  2919 | Ossuary  | 2919 ||| READING scroll of brand weapon.
  2919 | Ossuary  | 2919 ||| BRANDING +0 war axe of draining.
  3045 | Ossuary  | 3045 ||| READING 2 scrolls labelled COEMNISE HEONN.
  3046 | Ossuary  | 3046 ||| DRINKING 2 clear potions.
  3047 | Ossuary  | 3047 ||| DRINKING 2 cyan potions.
  3048 | Ossuary  | 3048 ||| DRINKING 2 potions of curing.
  3048 | Ossuary  | 3048 ||| (to cure confusion)
  3049 | Ossuary  | 3049 ||| DRINKING 2 emerald potions.
  3050 | Ossuary  | 3050 ||| READING 3 scrolls of identify.
  3050 | Ossuary  | 3050 ||| IDENTIFYING ruby potion
  3051 | Ossuary  | 3051 ||| READING 2 scrolls of identify.
  3051 | Ossuary  | 3051 ||| IDENTIFYING smoky inky potion
  3052 | Ossuary  | 3052 ||| DROPPING potion of invisibility.
  3053 | Ossuary  | 3053 ||| DROPPING potion of ambrosia.
  3054 | Ossuary  | 3054 ||| DROPPING scroll of fog.
  3066 | D:6      | 3066 ||| PLANNING D:1-11
  3072 | D:5      | Entered Level 5 of the Dungeon
  3085 | D:5      | Noticed Eustachio
  3140 | D:5      | Killed Eustachio
  3141 | D:5      | Reached skill level 7 in Axes
  3141 | D:5      | Reached XP level 8. HP: 41/48 MP: 8/8
  3575 | D:5      | 3575 ||| Stepping ~*~*~tactically~*~*~ (stealth).
  3576 | D:5      | 3576 ||| Stepping ~*~*~tactically~*~*~ (stealth).
  3577 | D:5      | 3577 ||| DROPPING +0 hand axe.
  3633 | D:5      | Reached skill level 8 in Axes
  3684 | D:5      | 3684 ||| DROPPING +3 whip.
  3812 | D:5      | Found a white marble altar of Elyvilon.
  3830 | D:5      | Noticed Edmund
  3834 | D:5      | 3834 ||| Stepping ~*~*~tactically~*~*~ (stealth).
  3840 | D:5      | Reached skill level 6 in Fighting
  3850 | D:5      | Killed Edmund
  3975 | D:5      | 3975 ||| UPGRADING to +0 pair of boots.
  3980 | D:5      | 3980 ||| UPGRADING to +6 ring of strength.
  3982 | D:5      | 3982 ||| UPGRADING to +4 ring of protection.
  3984 | D:5      | 3984 ||| DROPPING +6 ring of dexterity.
  3985 | D:5      | 3985 ||| READING scroll labelled FADAPS PASYU.
  3986 | D:5      | 3986 ||| READING scroll labelled HINEONIELO.
  4087 | D:5      | 4087 ||| READING scroll labelled ESHRIOJ PAMAU.
  4190 | D:6      | 4190 ||| DRINKING potion of curing.
  4190 | D:6      | 4190 ||| (to cure confusion)
  4432 | D:6      | Reached XP level 9. HP: 55/55 MP: 9/9
  4459 | D:6      | Found a staircase to the Ecumenical Temple.
  4460 | D:6      | 4460 ||| PLANNING TEMPLE
  4460 | D:6      | 4460 ||| READING 2 scrolls of identify.
  4460 | D:6      | 4460 ||| IDENTIFYING fuming sapphire potion
  4462 | D:6      | 4462 ||| Stepping ~*~*~tactically~*~*~ (hiding).
  4492 | Temple   | Entered the Ecumenical Temple
  4529 | Temple   | 4529 ||| PLANNING D:1-11
  4604 | D:6      | Reached skill level 9 in Axes
  4765 | D:6      | 4765 ||| Stepping ~*~*~tactically~*~*~ (cloud).
  4823 | D:6      | Found an iron altar of Okawaru.
  4824 | D:6      | 4824 ||| PLANNING OKAWARU WORSHIP
  4824 | D:6      | 4824 ||| DRINKING 2 sedimented puce potions.
  4831 | D:6      | Became a worshipper of Warmaster Okawaru
  4832 | D:6      | 4832 ||| PLANNING D:1-11
  4955 | D:7      | 4955 ||| Stepping ~*~*~tactically~*~*~ (stealth).
  4987 | D:7      | 4987 ||| Stepping ~*~*~tactically~*~*~ (hiding).
  5346 | D:7      | Reached skill level 6 in Armour
  5357 | D:7      | Reached * piety under Okawaru
  5533 | D:7      | Found a basalt altar of Yredelemnul.
  5685 | D:7      | 5685 ||| UPGRADING to +0 pair of gloves.
  5713 | D:8      | 5713 ||| INVOKING Heroism.
  5726 | D:8      | 5726 ||| Stepping ~*~*~tactically~*~*~ (cloud).
  5727 | D:8      | 5727 ||| STAIRDANCE
  5795 | D:8      | Noticed Psyche
  5796 | D:8      | 5796 ||| INVOKING Heroism.
  5797 | D:8      | 5797 ||| INVOKING Heroism.
  5803 | D:8      | Killed Psyche
  5804 | D:8      | Reached skill level 10 in Axes
  5804 | D:8      | Reached XP level 10. HP: 63/63 MP: 7/10
  5807 | D:8      | Reached skill level 1 in Invocations
  5902 | D:8      | Noticed qw's ghost (novice GrHs)
  5904 | D:8      | Identified the +10 dire flail of Isemae {flame, rN+
                  | Will+++}
  5904 | D:8      | Noticed a two-headed ogre
  5952 | D:8      | Found a bloodstained altar of Trog.
  5961 | D:8      | Found a glowing golden altar of the Shining One.
  6007 | D:8      | Found a broken altar of Ashenzari.
  6009 | D:8      | 6009 ||| DROPPING amulet of magic regeneration.
  6010 | D:8      | 6010 ||| READING scroll labelled NESKARHANO.
  6014 | D:8      | Found a transporter.
  6029 | D:8      | 6029 ||| INVOKING Heroism.
  6062 | D:8      | 6062 ||| FLEEEEING.
  6063 | D:8      | 6063 ||| FLEEEEING.
  6064 | D:8      | 6064 ||| FLEEEEING.
  6065 | D:8      | 6065 ||| FLEEEEING.
  6066 | D:8      | 6066 ||| FLEEEEING.
  6067 | D:8      | 6067 ||| FLEEEEING.
  6068 | D:8      | 6068 ||| FLEEEEING.
  6069 | D:8      | 6069 ||| FLEEEEING.
  6070 | D:8      | 6070 ||| FLEEEEING.
  6070 | D:8      | Found a transporter.
  6071 | D:8      | 6071 ||| FLEEEEING.
  6072 | D:8      | 6072 ||| FLEEEEING.
  6073 | D:8      | 6073 ||| FLEEEEING.
  6074 | D:8      | 6074 ||| FLEEEEING.
  6075 | D:8      | 6075 ||| FLEEEEING.
  6076 | D:8      | 6076 ||| FLEEEEING.
  6077 | D:8      | 6077 ||| FLEEEEING.
  6078 | D:8      | 6078 ||| FLEEEEING.
  6320 | D:9      | Reached skill level 3 in Invocations
  6363 | D:9      | Noticed Erica
  6364 | D:9      | 6364 ||| Stepping ~*~*~tactically~*~*~ (stealth).
  6365 | D:9      | 6365 ||| Stepping ~*~*~tactically~*~*~ (stealth).
  6380 | D:9      | 6380 ||| INVOKING Heroism.
  6399 | D:9      | HP: 13/64 [something (8)]
  6400 | D:9      | 6400 ||| DRINKING potion of heal wounds.
  6403 | D:9      | 6403 ||| INVOKING Heroism.
  6408 | D:9      | HP: 5/64 [something (12)]
  6408 | D:9      | Slain by Erica

Levels and vault maps discovered:
D:1:      matt_arrival_diagonals, layout_loops_ring,
          chequers_ecumenical_altar_island, minmay_misc_feat_plants
D:2:      wad_crossroads, layout_basic, serial_shops,
          nicolae_shop_tiny_real_fake_doors, nicolae_shop_hallway_stairs, shop,
          shop, chequers_serial_rivers_room_b
D:3:      layout_loops_ring, serial_glass, glass_columns_a, glass_columns_b,
          nicolae_wormholes
D:4:      layout_gridville, nicolae_overflows_in_rows
D:5:      layout_rooms, nicolae_elyvilon_peaceful_grove, uniq_edmund,
          uniq_eustachio
D:6:      layout_layer_cave, old_standard_altar, minmay_temple_entry_grid,
          lightli_ossuary_entry_decrepit_ruins
D:7:      layout_loops_ring, yredelemnul_forgotten_temple_becter, enter_bailey_4
D:8:      layout_cave_pools, nicolae_ashenzari_skybound,
          mainiacjoe_overflow_catch_the_wave, gammafunk_ghost_smash, uniq_psyche
D:9:      layout_roguey, david_lair_generic, hiddenorc2_lemuel, uniq_erica
Temple:   nicolae_temple_little_seven

Skill      XL: |  1  2  3  4  5  6  7  8  9 10 |
---------------+-------------------------------+-----
Axes           | 2 3 4 5 6 7 8 10 | 10.0
Fighting       | 4 6 7 |  7.9
Dodging        | 1 |  1.1
Throwing       | 1 2 |  2.1
Armour         | 4 5 6 7 |  7.0
Shields        | 4 |  4.0
Invocations    | 3 |  3.8

Action                     |  1- 3 |  4- 6 |  7- 9 | 10-12 || total
---------------------------+-------+-------+-------+-------++-------
  Melee: War axe           |   115 |   100 |   304 |    60 ||   579
  Throw: Boomerang         |    26 |    29 |    37 |     7 ||    99
         Javelin           |       |       |    46 |     8 ||    54
 Invoke: Heroism           |       |       |     2 |     3 ||     5
    Use: Scroll            |     8 |     3 |    11 |     1 ||    23
         Potion            |       |       |     7 |     1 ||     8
 Armour: Scale mail        |    47 |    72 |       |       ||   119
         Plate armour      |       |       |   270 |    59 ||   329
  Dodge: Dodged            |    52 |    50 |   109 |    26 ||   237
  Block: Buckler           |    15 |    14 |    76 |    14 ||   119

Table legend:
 A = Non-vault XP
 B = Vault XP
 C = Vault XP percentage of total XP
 D = Non-vault monster count
 E = Vault monster count
 F = Vault count percentage of total count
                 A         B        C        D         E       F
            +---------+---------+-------+---------+---------+-------
      Total |    5404 |     838 |  13.4 |     150 |      32 |  17.6
            +---------+---------+-------+---------+---------+-------
        D:1 |      45 |       0 |   0.0 |      26 |       0 |   0.0
        D:2 |      18 |       5 |  21.7 |      11 |       4 |  26.7
        D:3 |     122 |      15 |  10.9 |      14 |       3 |  17.6
        D:4 |     230 |       0 |   0.0 |      19 |       0 |   0.0
        D:5 |     801 |     360 |  31.0 |      12 |       2 |  14.3
        D:6 |    1071 |       0 |   0.0 |      22 |       0 |   0.0
        D:7 |    1218 |      12 |   1.0 |      23 |       6 |  20.7
        D:8 |    1213 |     358 |  22.8 |      15 |       1 |   6.2
        D:9 |     686 |       0 |   0.0 |       8 |       0 |   0.0
    Ossuary |       0 |      88 | 100.0 |       0 |      16 | 100.0
            +---------+---------+-------+---------+---------+-------
